 Dungeon Crawl Stone Soup version 0.20.1-1-g8b1a95d (webtiles) character file.

70671 homeworkjunkie the Severer (level 15, -12/139 HPs)
             Began as a Hill Orc Fighter on Dec 1, 2017.
             Was the Champion of Okawaru.
             Mangled by an orc knight
             ... wielding a +0 great mace
              (43 damage)
             ... while paralysed by an orc sorcerer
             ... on level 2 of the Orcish Mines.
             The game lasted 00:44:14 (20556 turns).

homeworkjunkie the Severer (Hill Orc Fighter)      Turns: 20556, Time: 00:44:15

Health: -12/139    AC: 30    Str: 29    XL:     15   Next: 34%
Magic:  22/22      EV:  2    Int:  9    God:    Okawaru [******]
Gold:   1856       SH:  0    Dex: 24    Spells: 14/14 levels left

rFire    + . .     SeeInvis .   R - +3 war axe of an ice cave {speed, Int+3 Stlth+}
rCold    . . .     Gourm    .   z - +6 shield of Curphyli {Int+3 Dex+5}
rNeg     + . .     Faith    +   A - +6 chain mail "Fuejoq" {rN+}
rPois    .         Spirit   .   N - +0 helmet
rElec    .         Reflect  .   x - +2 cloak
rCorr    .         Harm     .   D - +2 pair of gloves {Dex+3}
MR       +....                  s - +2 pair of boots
Stlth    ..........             K - amulet of Jeigulut {Faith rF+ Str+3 Int-5}
Regen    0.4/turn               v - ring "Quineip" {Dex+4 Stlth-}
MPRegen  0.2/turn               G - +3 ring of evasion

@: paralysed
A: high mp 1, strong 1
a: Heroism, Finesse, Renounce Religion, Convert to Beogh


You were on level 2 of the Orcish Mines.
You worshipped Okawaru.
Okawaru was exalted by your worship.
You were not hungry.

You visited 4 branches of the dungeon, and saw 22 of its levels.
You also visited: Sewer and Volcano.

You collected 2167 gold pieces.
You spent 311 gold pieces at shops.

Inventory:

Hand Weapons
 a - a +7 war axe
 F - a +2 scimitar of flaming
 R - the +3 war axe of an ice cave (weapon) {speed, Int+3 Stlth+}
   (Okawaru gifted it to you on level 6 of the Lair of Beasts)

   Attacks with this weapon are significantly faster.
   It affects your intelligence (+3).
   It makes you more stealthy.
Armour
 s - a +2 pair of boots (worn)
 x - a +2 cloak (worn)
 z - the +6 shield of Curphyli (worn) {Int+3 Dex+5}
   (You acquired it on level 8 of the Dungeon)

   It affects your intelligence (+3).
   It affects your dexterity (+5).
 A - the +6 chain mail "Fuejoq" (worn) {rN+}
   (You found it on level 10 of the Dungeon)

   It protects you from negative energy.
 D - a +2 pair of gloves of dexterity (worn)
 N - a +0 helmet (worn)
Jewellery
 v - the ring "Quineip" (left hand) {Dex+4 Stlth-}
   (You found it on level 6 of the Dungeon)

   [ring of loudness]

   It affects your dexterity (+4).
   It makes you less stealthy.
 w - an uncursed ring of ice
 G - a +3 ring of evasion (right hand)
 K - the amulet of Jeigulut (around neck) {Faith rF+ Str+3 Int-5}
   (You found it on level 2 of the Lair of Beasts)

   [amulet of faith]

   It allows you to gain divine favour quickly.
   It affects your strength (+3).
   It affects your intelligence (-5).
   It protects you from fire.
Wands
 c - a wand of lightning (7/15)
 h - a wand of digging (15/24)
 m - a wand of lightning (9/15)
 n - a wand of iceblast (12/15)
 B - a wand of digging (13/24)
 C - a wand of scattershot (5/9)
 J - a wand of iceblast (6/15)
 Q - a wand of iceblast (8/15)
Scrolls
 j - 12 scrolls of teleportation
 k - 3 scrolls of fear
 t - 2 scrolls of identify
 y - a scroll of immolation
 P - 2 scrolls of remove curse
Potions
 b - 3 potions of mutation
 d - 6 potions of flight
 e - 8 potions of curing
 i - 2 potions of cancellation
 p - 8 potions of might
 u - a potion of magic
 H - a potion of haste
 I - a potion of invisibility
 M - 2 potions of agility
Comestibles
 f - 5 bread rations
 g - 10 meat rations


   Skills:
 * Level 14.4 Fighting
 + Level 2.9 Long Blades
 * Level 18.7 Axes
 * Level 11.4 Armour
 + Level 2.8 Dodging
 + Level 1.5 Stealth
 * Level 13.8 Shields
 + Level 0.2 Unarmed Combat
 + Level 1.1 Invocations
 * Level 7.3 Evocations


You had 14 spell levels left.
You didn't know any spells.

Dungeon Overview and Level Annotations

Branches:
Dungeon (13/15)            Temple (1/1) D:4            Lair (6/6) D:11
 Shoals (0/4) Lair:2        Snake (0/4) Lair:4        Slime (0/5) Lair:6
    Orc (2/2) D:12            Elf (0/3) Orc:2
 Vaults: D:13-14

Altars:
Ashenzari
Cheibriados
Dithmenos
Elyvilon
Fedhas
Hepliaklqana
Kikubaaqudgha
Makhleb
Nemelex Xobeh
Okawaru
Qazlal
Ru
Sif Muna
Trog
Uskayaw
Vehumet
Xom
Yredelemnul
Zin
The Shining One

Shops:
D:4 (   D:5 *   D:9 ?   Orc:2 (


Innate Abilities, Weirdness & Mutations

You have an increased reservoir of magic. (+10% MP)
Your muscles are strong. (Str +2)


Message History

The orc warrior hits you with a flail.
The orc knight hits you with a great mace!
* * * LOW HITPOINT WARNING * * *
The orc knight roars a battlecry!
The orc warriors go into a battle-frenzy!
The orc warrior hits you with a mace.
* * * LOW HITPOINT WARNING * * *
The orc warrior hits you with a flail.
* * * LOW HITPOINT WARNING * * *
The orc sorcerer hits you with a dagger.
* * * LOW HITPOINT WARNING * * *
The orc knight curses loudly.
The orc knight roars a battlecry!
The orcs go into a battle-frenzy!
An orc wizard comes into view. It is wielding a dagger.
The orc high priest starts to sing a prayer.
The orc warrior completely misses you. The orc sorcerer barely misses you.
The orc knight roars a battlecry!
The orc knight hits you with a great mace!!!
You die...

## #∩. ##.. #
#..##. #.... #..#
##oo## ... #o@o.#
... #.#o..ooo#.#
#.##..o..#.#
#..###...#.#
##..######.# .
##...####.####...#
###.......^...#
######.######
#########.########


You could see 2 orc knights, an orc high priest, 2 orc sorcerers, 3 orc warriors
and an orc wizard.

Vanquished Creatures
  Azrael (D:12)
  Snorg (D:11)
  An ettin (Orc:1)
  Josephine (D:11)
  The ghost of hilaritas the Grappler, a journeyman TrFi of Uskayaw (D:12)
  The ghost of Zeege the Arsonist, a journeyman DrFE of Vehumet (D:10)
  6 hydras
  Fannar (D:11)
  An ice dragon (D:10)
  Erica (D:11)
  3 catoblepae
  A two-headed ogre (Orc:2)
  9 death yaks (Lair:6)
  A deep troll shaman (Lair:6)
  2 skeletal warriors (Volcano)
  The ghost of Frank the Slasher, a novice OpFi (D:6)
  An anaconda skeleton (Volcano)
  An orc knight (Orc:2)
  Pikel (D:8)
  2 lindwurms (Lair:6)
  A necromancer (D:9)
  An ugly thing (D:11)
  3 orc sorcerers
  A deep elf mage (D:12)
  A cyclops (D:12)
  A manticore (D:11)
  A merfolk siren (Lair:2)
  24 elephants
  Maurice (D:8)
  3 black mambas
  10 spiny frogs
  3 gargoyles (Volcano)
  2 komodo dragons
  6 trolls
  2 polar bears (Lair:6)
  A harpy skeleton (Volcano)
  2 hornets
  12 blink frogs
  Grinder (D:6)
  5 dream sheep (Lair:5)
  6 hippogriffs
  3 flying skulls (Volcano)
  A shadow (D:11)
  An alligator skeleton (Volcano)
  4 wyverns
  4 wraiths (D:11)
  A fire elemental (D:11)
  3 hogs (D:7)
  A basilisk (Lair:3)
  A human (D:7)
  A hungry ghost (D:12)
  Grum (D:11)
  45 yaks
  A warg (Orc:2)
  4 hell hounds
  2 nagas (Lair:4)
  8 porcupines
  14 water moccasins
  A slave (D:8)
  3 ice beasts
  12 orc warriors
  4 sky beasts
  Purgy (D:3)
  5 phantoms
  A black bear (D:6)
  2 necrophages
  3 ogres
  7 centaurs
  24 wolves
  13 crocodiles
  2 big kobolds
  16 bullfrogs
  3 troll zombies (D:12)
  A scorpion (D:12)
  6 killer bees (D:11)
  10 wights
  6 howler monkeys
  5 electric eels (Lair:2)
  5 crimson imps
  A centaur zombie (D:9)
  3 hounds
  A centaur skeleton (D:6)
  A quasit (D:11)
  9 orc priests
  Crazy Yiuf (D:6)
  5 jellies
  24 orc wizards
  Jessica (D:3)
  Ijyb (D:3)
  Terence (D:2)
  14 worker ants
  3 ogre zombies (D:12)
  2 naga skeletons (Volcano)
  A hound skeleton (D:5)
  6 gnolls
  17 adders
  8 river rats
  4 shadow imps
  6 oozes
  2 adder zombies
  2 worms
  4 dart slugs
  3 leopard geckos
  57 orcs
  4 giant cockroaches
  5 hobgoblins
  7 jackals
  5 quokkas
  10 ball pythons
  10 bats
  5 frilled lizards
  10 goblins
  2 goblin zombies (D:12)
  3 hobgoblin skeletons (D:12)
  A hobgoblin zombie (D:12)
  23 kobolds
  An orc skeleton (D:12)
  10 orc zombies (D:12)
  A quokka skeleton (D:8)
  A quokka zombie (D:5)
  25 rats
  3 fungi
  2 plants (Lair:6)
654 creatures vanquished.

Vanquished Creatures (others)
  3 yaks (Lair:6)
  An orc priest (Orc:2)
  An orc wizard (D:3)
  A hobgoblin zombie (D:12)
  An orc zombie (D:12)
  4 fungi (Lair:6)
  A plant (Lair:6)
12 creatures vanquished.

Grand Total: 666 creatures vanquished

Notes
Turn   | Place    | Note
-------+----------+-------------------------------------------
     0 | D:1      | homeworkjunkie the Hill Orc Fighter began the quest for the Orb.
     0 | D:1      | Reached XP level 1. HP: 19/19 MP: 1/1
   109 | D:1      | Reached skill level 3 in Axes
   109 | D:1      | Reached XP level 2. HP: 24/27 MP: 2/2
   117 | D:2      | Noticed Terence
   126 | D:2      | Killed Terence
   126 | D:2      | Reached XP level 3. HP: 28/33 MP: 3/3
   204 | D:2      | Gained mutation: Your muscles are strong. (Str +2) [potion of mutation]
   204 | D:2      | Gained mutation: You have an increased reservoir of magic. (+10% MP) [potion of mutation]
   424 | D:3      | Noticed Purgy
   445 | D:3      | Killed Purgy
   445 | D:3      | Reached skill level 4 in Axes
   445 | D:3      | Reached XP level 4. HP: 11/40 MP: 4/4
   445 | D:3      | Reached XP level 5. HP: 13/46 MP: 5/5
   551 | D:3      | Noticed Jessica
   568 | D:3      | Killed Jessica
   583 | D:3      | Reached XP level 6. HP: 22/53 MP: 6/6
   601 | D:3      | Reached skill level 5 in Axes
   731 | D:3      | Noticed Ijyb
   754 | D:3      | Killed Ijyb
  1106 | D:5      | Entered Level 5 of the Dungeon
  1132 | D:5      | Reached skill level 1 in Dodging
  1216 | D:5      | Reached skill level 5 in Fighting
  1216 | D:5      | Reached XP level 7. HP: 29/61 MP: 7/7
  1247 | D:5      | Reached skill level 6 in Axes
  1247 | D:5      | Reached skill level 5 in Armour
  1264 | D:5      | Got a warped dagger
  1316 | D:5      | Found a glowing golden altar of the Shining One.
  1456 | D:5      | Found a glowing drain.
  1472 | Sewer    | Entered a sewer
  1697 | Sewer    | Reached skill level 5 in Shields
  1852 | Sewer    | Reached skill level 7 in Axes
  2154 | D:5      | Identified the cursed +2 dagger "Sutoines" {pierce, +Blink} (You found it on level 5 of the Dungeon)
  2190 | D:5      | Found Qiublatt's General Store.
  2193 | D:5      | Bought a scroll of remove curse for 39 gold pieces
  2193 | D:5      | Bought a scroll of enchant weapon for 97 gold pieces
  2566 | D:4      | Found a staircase to the Ecumenical Temple.
  2600 | Temple   | Entered the Ecumenical Temple
  2976 | D:4      | Reached XP level 8. HP: 62/70 MP: 8/8
  3031 | D:4      | Reached skill level 8 in Axes
  3056 | D:4      | Found Gerhul's Antique Weapon Shop.
  3338 | D:4      | Found a basalt altar of Yredelemnul.
  3338 | D:4      | Found a shimmering altar of Xom.
  3344 | D:4      | Found a radiant altar of Vehumet.
  3346 | D:4      | Found a snail-covered altar of Cheibriados.
  3347 | D:4      | Found an iron altar of Okawaru.
  3530 | D:4      | Became a worshipper of Warmaster Okawaru
  3835 | D:3      | Found a bloodstained altar of Trog.
  5023 | D:6      | Noticed Frank's ghost (novice OpFi)
  5038 | D:6      | Killed Frank's ghost
  5038 | D:6      | Reached skill level 9 in Axes
  5038 | D:6      | Reached XP level 9. HP: 51/78 MP: 9/9
  5113 | D:6      | Found a blossoming altar of Fedhas.
  5175 | D:6      | Noticed Grinder
  5193 | D:6      | Killed Grinder
  5193 | D:6      | Reached skill level 10 in Axes
  5343 | D:6      | Reached * piety under Okawaru
  5541 | D:6      | Reached skill level 11 in Axes
  5544 | D:6      | Found a basalt altar of Yredelemnul.
  5578 | D:6      | Got a wavering golden ring
  5788 | D:6      | Identified the ring "Quineip" {Dex+4 Stlth-} (You found it on level 6 of the Dungeon)
  5861 | D:6      | Found a runed door.
  5865 | D:6      | Noticed Crazy Yiuf
  5869 | D:6      | Killed Crazy Yiuf
  6073 | D:7      | Reached ** piety under Okawaru
  6255 | D:7      | Reached XP level 10. HP: 65/86 MP: 11/11
  6256 | D:7      | Reached skill level 12 in Axes
  6265 | D:7      | Reached *** piety under Okawaru
  6601 | D:9      | Found Terad's Magic Scroll Boutique.
  6613 | D:9      | Bought a scroll of enchant armour for 97 gold pieces
  6834 | D:8      | Noticed Maurice
  6844 | D:8      | Killed Maurice
  6844 | D:8      | Reached skill level 13 in Axes
  7090 | D:8      | Reached **** piety under Okawaru
  7099 | D:8      | Noticed Pikel
  7115 | D:8      | Killed Pikel
  7299 | D:8      | Identified a scroll of acquirement
  7300 | D:8      | Got a steaming shield
  7311 | D:8      | Identified the +6 shield of Curphyli {Int+3 Dex+5} (You acquired it on level 8 of the Dungeon)
  7534 | D:9      | Reached XP level 11. HP: 95/97 MP: 12/12
  7539 | D:9      | Reached skill level 14 in Axes
  7545 | D:9      | Reached skill level 1 in Stealth
  7549 | D:9      | Reached skill level 1 in Evocations
  7581 | D:10     | Entered Level 10 of the Dungeon
  7827 | D:9      | Noticed a necromancer
  7837 | D:9      | Killed a necromancer
  7868 | D:10     | Reached ***** piety under Okawaru
  7875 | D:10     | Received a gift from Okawaru
  8267 | D:10     | Noticed an ice dragon
  8291 | D:10     | Killed an ice dragon
  8585 | D:10     | Got a slimy chain mail
  8606 | D:10     | Identified the +6 chain mail "Fuejoq" {rN+} (You found it on level 10 of the Dungeon)
  8789 | D:10     | Reached skill level 15 in Axes
  8982 | D:10     | Noticed Zeege's ghost (journeyman DrFE)
  9001 | D:10     | Killed Zeege's ghost
  9287 | D:11     | Noticed a brown ugly thing
  9303 | D:11     | Killed a brown ugly thing
  9335 | D:11     | Reached skill level 10 in Fighting
  9473 | D:10     | Got a shimmering chain mail
  9484 | D:10     | Identified the +2 chain mail of the Nexus {rN++} (You found it on level 10 of the Dungeon)
  9719 | D:11     | Noticed Josephine
  9728 | D:11     | Killed Josephine
  9728 | D:11     | Reached XP level 12. HP: 93/106 MP: 15/15
  9733 | D:11     | Noticed Snorg
 10101 | D:12     | Received a gift from Okawaru
 10112 | D:12     | Noticed Azrael
 10419 | D:11     | Noticed an eight-headed hydra
 10423 | D:11     | Killed an eight-headed hydra
 10507 | D:11     | Noticed Erica
 10522 | D:11     | Killed Erica
 10626 | D:11     | Found a staircase to the Lair.
 10674 | D:11     | Reached skill level 16 in Axes
 10724 | D:11     | Killed Snorg
 10729 | D:11     | Reached skill level 10 in Shields
 10737 | D:11     | Reached ****** piety under Okawaru
 10742 | D:11     | Noticed Grum
 10748 | D:11     | Killed Grum
 10748 | D:11     | Received a gift from Okawaru
 10878 | D:11     | Noticed Fannar
 10892 | D:11     | Killed Fannar
 11160 | D:12     | Noticed hilaritas's ghost (journeyman TrFi)
 11187 | D:12     | Killed hilaritas's ghost
 11187 | D:12     | Reached skill level 1 in Invocations
 11298 | D:12     | Found a staircase to the Orcish Mines.
 11450 | D:12     | Killed Azrael
 11951 | D:12     | Reached XP level 13. HP: 116/116 MP: 18/18
 12019 | D:12     | Received a gift from Okawaru
 12020 | D:12     | Got a pair of crude gloves {god gift}
 12026 | D:12     | Identified the +0 pair of gloves of Contentment {Int+4 Stlth+} (Okawaru gifted it to you on level 12 of the Dungeon)
 12136 | Lair:1   | Entered Level 1 of the Lair of Beasts
 12289 | Lair:1   | Got a crude ring mail
 12300 | Lair:1   | Identified the +1 ring mail of the Saviour {rC- rN+ Int+3 Stlth+} (You found it on level 1 of the Lair of Beasts)
 12779 | Lair:2   | Got a warped ivory amulet
 12780 | Lair:2   | Identified the amulet of Jeigulut {Faith rF+ Str+3 Int-5} (You found it on level 2 of the Lair of Beasts)
 12977 | Lair:2   | Reached skill level 10 in Armour
 13509 | Lair:2   | Reached skill level 1 in Long Blades
 13634 | Lair:2   | Reached skill level 5 in Evocations
 13829 | Lair:2   | Found a staircase to the Shoals.
 14189 | Lair:3   | Reached skill level 17 in Axes
 14874 | Lair:5   | Received a gift from Okawaru
 14898 | Lair:5   | Found a dark tunnel.
 14906 | Volcano  | Entered a volcano
 15450 | Lair:4   | Found a staircase to the Snake Pit.
 15686 | D:11     | Reached XP level 14. HP: 113/127 MP: 20/20
 15775 | D:9      | Bought a scroll of remove curse for 39 gold pieces
 15775 | D:9      | Bought a scroll of remove curse for 39 gold pieces
 15924 | Lair:4   | Received a gift from Okawaru
 16746 | Lair:6   | Entered Level 6 of the Lair of Beasts
 17136 | Lair:6   | Received a gift from Okawaru
 17137 | Lair:6   | Got an encrusted war axe {god gift}
 17513 | Lair:5   | Identified the +3 war axe of an ice cave {speed, Int+3 Stlth+} (Okawaru gifted it to you on level 6 of the Lair of Beasts)
 17564 | Lair:6   | Reached skill level 18 in Axes
 17677 | Lair:6   | Found a staircase to the Slime Pits.
 17826 | Lair:6   | Received a gift from Okawaru
 17930 | Lair:6   | Got a smoking chain mail
 18046 | Lair:6   | Received a gift from Okawaru
 18047 | Lair:6   | Got a pair of slimy gloves {god gift}
 18058 | Lair:6   | Identified the +0 pair of gloves of Charity {Int+8 Stlth+} (Okawaru gifted it to you on level 6 of the Lair of Beasts)
 18079 | Lair:6   | Identified the +1 chain mail of the Eternal Void {-Tele rF+ Regen+ SInv} (You found it on level 6 of the Lair of Beasts)
 18387 | Lair:6   | Reached XP level 15. HP: 137/137 MP: 22/22
 19406 | Orc:1    | Entered Level 1 of the Orcish Mines
 19422 | Orc:2    | Entered Level 2 of the Orcish Mines
 19796 | Orc:2    | Found a staircase to the Elven Halls.
 20522 | Orc:2    | Found Nuomuirr's Weapon Emporium.
 20550 | Orc:2    | Paralysed by an orc sorcerer for 6 turns
 20556 | Orc:2    | Mangled by an orc knight

Skill      XL: |  1  2  3  4  5  6  7  8  9 10 11 12 13 14 15 |
---------------+----------------------------------------------+-----
Axes           | 3 4 5 7 9 11 13 15 16 17 18 | 18.7
Fighting       | 4 5 6 7 9 10 11 12 13 14 | 14.4
Armour         | 4 5 6 7 8 9 10 11 | 11.4
Shields        | 4 5 6 7 8 9 10 12 13 | 13.8
Dodging        | 1 2 |  2.8
Stealth        | 1 |  1.5
Evocations     | 2 4 5 6 7 |  7.3
Invocations    | 1 |  1.1
Long Blades    | 2 |  2.9
Unarmed Combat | |  0.2

Action                   |  1- 3 |  4- 6 |  7- 9 | 10-12 | 13-15 || total
-------------------------+-------+-------+-------+-------+-------++-------
Melee: War axe           |    94 |   137 |   463 |   584 |   938 ||  2216
       Unarmed           |       |    14 |       |       |       ||    14
       Scimitar          |       |       |       |       |    39 ||    39
Invok: Finesse           |       |       |       |     1 |     2 ||     3
       Heroism           |       |       |       |     1 |     2 ||     3
Evoke: Wand              |       |       |       |    22 |     4 ||    26
  Use: Scroll            |     2 |     3 |     9 |    20 |    16 ||    50
       Potion            |     5 |       |     5 |     7 |     2 ||    19
 Stab: Invisible         |       |       |       |     5 |       ||     5
  Eat: Royal jelly       |       |     2 |     2 |     6 |     5 ||    15
       Meat ration       |       |       |     1 |     1 |       ||     2
       Bread ration      |       |       |     2 |     2 |     1 ||     5
       Fruit             |       |       |       |       |    10 ||    10
Armor: Scale mail        |     4 |       |       |       |       ||     4
       Chain mail        |    76 |    38 |   245 |   177 |   274 ||   810
       Troll leather arm |       |    14 |       |       |       ||    14
Dodge: Dodged            |    36 |    48 |   117 |   123 |   238 ||   562
Block: Shield            |    70 |    76 |   258 |   358 |   690 ||  1452
       Rpst.: Scimitar   |       |       |       |       |     6 ||     6
